 Dungeon Crawl Stone Soup version 0.26-a0-505-g732bf3b8d2 (webtiles) character file.

Game seed: 5650299562367795847

102 Conn the Sneak (level 4, -1/27 HPs)
             Began as an Octopode Hedge Wizard on Aug 9, 2020.
             Slain by a worker ant (5 damage)
             ... on level 4 of the Dungeon.
             The game lasted 00:05:35 (3382 turns).

Conn the Sneak (Octopode Hedge Wizard)              Turns: 3382, Time: 00:05:35

Health: -1/27      AC:  1    Str:  6 (9)  XL:     4   Next: 78%
Magic:  0/9        EV: 13    Int: 14 (17) God:
Gold:   121        SH:  0    Dex:  8 (11) Spells: 2/10 levels left

rFire    . . .     SeeInvis .   a - +0 dagger
rCold    . . .     Faith    .   (no shield)
rNeg     . . .     Spirit   +   b - +0 hat
rPois    .         Reflect  .   d - amulet of guardian spirit
rElec    .         Harm     .   (no ring)
rCorr    .                      (no ring)
MR       .....                  (no ring)
Stlth    +++.......             (no ring)
HPRegen  0.09/turn              (no ring)
MPRegen  0.11/turn              (no ring)
                                (no ring)
                                (no ring)

@: brilliant, lethally poisoned (-1 -> -4)
A: almost no armour, stealthy swim, amphibious, 8 rings, constrict 8, camouflage
1, gelatinous body 1
a: no special abilities


You were on level 4 of the Dungeon.
You visited 1 branch of the dungeon, and saw 4 of its levels.

You collected 121 gold pieces.

Inventory:

Hand Weapons
 a - a +0 dagger (weapon)
Armour
 b - a +0 hat (worn)
Jewellery
 d - an amulet of guardian spirit (around mantle)
Scrolls
 c - a scroll of immolation {unknown}
 f - 2 scrolls of fear {unknown}
 h - 4 scrolls of identify {unknown}
 i - 2 scrolls of magic mapping {unknown}
 j - a scroll of fog {unknown}
 l - a scroll of amnesia {unknown}
 m - 4 scrolls of teleportation {unknown}
 n - a scroll of enchant weapon {unknown}
 o - a scroll of noise {unknown}
Potions
 e - a potion of brilliance
 g - a potion of curing
 k - 2 potions of degeneration


   Skills:
 + Level 0.4 Fighting
 + Level 1.4 Short Blades
 + Level 2.1 Dodging
 + Level 4.2 Stealth
 + Level 3.9 Spellcasting
 + Level 1.1 Conjurations
 + Level 1.0 Summonings
 + Level 1.0 Translocations
 + Level 0.3 Fire Magic


You had 2 spell levels left.
You knew the following spells:

 Your Spells              Type           Power        Failure   Level
a - Magic Dart            Conj           #...         12%         1
b - Blink                 Tloc           N/A          19%         2
c - Call Imp              Summ           #.......     19%         2
d - Conjure Flame         Conj/Fire      #.......     41%         3

Your spell library contained the following spells:

 Spells                   Type           Power        Failure   Level
 Slow                     Hex            #.......     30%         2
 Mephitic Cloud           Conj/Pois/Air  #.......     45%         3


Dungeon Overview and Level Annotations

Branches:
Dungeon (4/15)
 Temple: D:4-7

Altars:
Ashenzari
Hepliaklqana


Innate Abilities, Weirdness & Mutations

You cannot wear most types of armour.
You are very stealthy in the water. (Stealth+)
You are amphibious.
You can wear up to eight rings at the same time.
You can use your tentacles to constrict eight enemies at once.
Your skin changes colour to match your surroundings (Stealth+).
Your rubbery body absorbs attacks. (AC +1, EV +1)


Message History

The worker ant is almost dead.
The worker ant closely misses you.
Unknown command.
You hit the worker ant but do no damage.
Your grab misses the worker ant.
The worker ant is almost dead.
The worker ant bites you but does no damage.
Unknown command.
You hit the worker ant but do no damage.
You grab the worker ant.
The worker ant is almost dead.
You constrict the worker ant, but do no damage.
* * * LOW HITPOINT WARNING * * *
You feel sick. The worker ant closely misses you.
Unknown command.
You hit the worker ant but do no damage.
The worker ant is almost dead.
You constrict the worker ant, but do no damage.
The worker ant misses you. The worker ant bites you.
You die...

# # .###. ###.#.
#..?.# #....#
.####....###
.......@...#
.>?....a...#
...........##
##.##....##.## ###
#....#...###
##...##..........#
.................#####
.#...###........<....#
.......[.###(..#.###.#


You could see a worker ant.

Vanquished Creatures
  A gnoll (D:4)
  An adder (D:3)
  A worm (D:2)
  A dart slug (D:2)
  A ball python (D:3)
  4 giant cockroaches
  7 goblins
  11 hobgoblins
  2 jackals (D:3)
  7 bats
  4 frilled lizards
  9 kobolds
  3 rats
52 creatures vanquished.

Vanquished Creatures (collateral kills)
  2 gnolls (D:4)
  2 adders
4 creatures vanquished.

Grand Total: 56 creatures vanquished

Notes
Turn   | Place    | Note
-------+----------+-------------------------------------------
     0 | D:1      | Conn the Octopode Hedge Wizard began the quest for the Orb.
     0 | D:1      | Reached XP level 1. HP: 11/11 MP: 4/4
   523 | D:1      | Reached XP level 2. HP: 17/17 MP: 3/6
   578 | D:1      | Reached skill level 3 in Stealth
  1559 | D:2      | Reached XP level 3. HP: 20/21 MP: 6/8
  1838 | D:2      | Found a shattered altar of Ashenzari.
  2119 | D:2      | Learned a level 2 spell: Blink
  2122 | D:2      | Learned a level 2 spell: Call Imp
  2126 | D:2      | Learned a level 3 spell: Conjure Flame
  2137 | D:2      | Reached skill level 4 in Stealth
  2389 | D:3      | Reached XP level 4. HP: 25/27 MP: 5/9
  2456 | D:3      | Reached skill level 1 in Short Blades
  2867 | D:3      | Found a hazy altar of Hepliaklqana.
  3382 | D:4      | Slain by a worker ant

Illustrated notes

Levels and vault maps discovered:
D:1:      saegor_arrival_simple_a, layout_basic, minmay_hedge_maze
D:2:      layout_loops_ring, lemuel_round_altar
D:3:      layout_loops_cross, nicolae_overflow_crystal_walls
D:4:      minmay_general_purpose_star, layout_loops_ring,
          gammafunk_temple_overflow_elements

Skill      XL: |  1  2  3  4 |
---------------+-------------+-----
Stealth        | 3 4 |  4.2
Short Blades   | 1 |  1.4
Fighting       | |  0.4
Dodging        | |  2.1
Spellcasting   | |  3.9
Conjurations   | |  1.1
Summonings     | |  1.0
Translocations | |  1.0
Fire Magic     | |  0.3

Action                   |  1- 3 |  4- 6 || total
-------------------------+-------+-------++-------
Melee: Dagger            |    84 |    29 ||   113
       Constrict         |    17 |     7 ||    24
       Tentacles         |    15 |     4 ||    19
 Cast: Magic Dart        |    15 |     6 ||    21
       Call Imp          |     3 |     4 ||     7
       Blink             |       |     2 ||     2
  Use: Potion            |       |     3 ||     3
 Stab: Sleeping          |    14 |     5 ||    19
Armor: Skin              |     3 |     3 ||     6
Dodge: Dodged            |    53 |    12 ||    65

Table legend: (Time is in decaauts)
 A = Elapsed time spent in this place.
 B = Non-inter-level travel time spent in this place.
 C = Inter-level travel time spent in this place.
 D = Time resting spent in this place.
 E = Time spent auto-exploring this place.
 F = Levels seen in this place.
 G = Mean time per level.
                   A        B        C        D        E       F      G
               +--------+--------+--------+--------+--------+-----+--------+
         Total |   3380 |   3292 |     88 |    127 |   2489 |   4 |  845.0 |
       Dungeon |   3380 |   3292 |     88 |    127 |   2489 |   4 |  845.0 |
               +--------+--------+--------+--------+--------+-----+--------+

Top non-repeatable levels by time:
     D:1: 1555 daAuts
     D:3: 788 daAuts
     D:2: 774 daAuts
     D:4: 262 daAuts
